 Dungeon Crawl Stone Soup version 0.13-b1-24-g18a6e78 (webtiles) character file.

1351 4tharraofdagon the Ruffian (level 8, 0/71 HPs)
             Began as a Troll Earth Elementalist on Oct 3, 2013.
             Was an Initiate of Vehumet.
             Slain by an ogre
             ... wielding a +0,+0 giant club
              (16 damage)
             ... on Level 8 of the Dungeon.
             The game lasted 00:12:59 (2386 turns).

4tharraofdagon the Ruffian (TrEE)                   Turns: 2386, Time: 00:12:59

HP   0/71        AC  5     Str 17      XL: 8   Next: 31%
MP   7/10        EV 13     Int 13      God: Vehumet [......]
Gold 46          SH  0     Dex  9 (10) Spells:  3 memorised,  4 levels left

Res.Fire  : . . .   See Invis. : .     - Unarmed
Res.Cold  : . . .   Warding    : .   c - +0 robe (curse)
Life Prot.: . . .   Conserve   : .   (shield restricted)
Res.Poison: .       Res.Corr.  : .   (helmet restricted)
Res.Elec. : .       Clarity    : .   (no cloak)
Sust.Abil.: . .     Spirit.Shd : .   (gloves unavailable)
Res.Mut.  : .       Stasis     : .   (boots unavailable)
Res.Rott. : .       Flight     : .   (no amulet)
Gourmand  : +                        (no ring)
                                     m - cursed +4 ring of evasion

@: very slightly contaminated, slightly resistant to hostile enchantments,
unstealthy
A: unfitting armour, claws 3, fast metabolism 3, gourmand, regeneration 2,
saprovore 2, tough skin 2, AC +1
a: Renounce Religion


You were on level 8 of the Dungeon.
You worshipped Vehumet.
Vehumet was noncommittal.
You were very full.

You visited 2 branches of the dungeon, and saw 9 of its levels.
You also visited: Ossuary.

You collected 188 gold pieces.
You spent 162 gold pieces at shops.

Inventory:

Missiles
 b - 50 stones
 l - 4 large rocks (quivered)
 A - 4 poisoned darts
Armour
 c - a cursed +0 robe (worn)
Magical devices
 F - a wand of disintegration (9) {unknown}
Comestibles
 a - 2 meat rations
 B - 2 bread rations
 D - a slice of pizza
 J - 4 chunks of ogre flesh
Scrolls
 g - 3 scrolls of identify {unknown}
 h - a scroll of curse armour {unknown}
 i - a scroll of noise {unknown}
 j - 4 scrolls of remove curse {unknown}
 k - a scroll of curse weapon {unknown}
 n - a scroll of teleportation {unknown}
 p - a scroll of enchant weapon II {unknown}
 q - a scroll of random uselessness {unknown}
 r - a scroll of enchant weapon III {unknown}
 s - a scroll of recharging {unknown}
 t - a scroll of fear {unknown}
 u - a scroll of immolation {unknown}
 x - 2 scrolls of enchant armour {unknown}
 y - a scroll of curse jewellery {unknown}
 E - a scroll of enchant weapon I {unknown}
 G - a scroll of silence {unknown}
 I - 2 scrolls of amnesia {unknown}
Jewellery
 m - a cursed +4 ring of evasion (left claw)
Potions
 e - 3 potions of curing
 f - a potion of brilliance {unknown}
 o - 2 potions of agility
 v - 2 potions of degeneration
 w - 2 potions of heal wounds
 z - 2 potions of invisibility {unknown}
 C - a potion of restore abilities {unknown}
 H - 2 potions of speed
Books
 d - a book of Geomancy

   Spells                             Type                      Level
   *Sandblast                         Earth                        1
   *Stoneskin                         Transmutation/Earth          2
   Passwall                           Transmutation/Earth          3
   Stone Arrow                        Conjuration/Earth            3
   Petrify                            Transmutation/Earth          4
   *Lee's Rapid Deconstruction        Earth                        5


   Skills:
 + Level 3.9 Fighting
 - Level 1.5 Dodging
 - Level 1.1 Stealth
 * Level 6.6 Unarmed Combat
 + Level 2.6 Spellcasting
 - Level 0.6 Transmutations
 + Level 4.3 Earth Magic


You had 4 spell levels left.
You knew the following spells:

 Your Spells              Type           Power        Failure   Level  Hunger
a - Sandblast             Erth           ##....       4%          1    #......
b - Stoneskin             Trmt/Erth      #.........   14%         2    ###....
c - Lee's Rapid Deconstr  Erth           ##........   91%         5    ######.


Dungeon Overview and Level Annotations

Branches:
Dungeon (8/27)             Temple (1/1) D:6
    Orc: D:6-11        Lair: D:8-13

Altars:
Ashenzari
Cheibriados
Elyvilon
Fedhas
Kikubaaqudgha
Makhleb
Okawaru
Sif Muna
Trog
Vehumet
Xom
Yredelemnul
Zin
the Shining One

Shops:
D:6 !


Innate Abilities, Weirdness & Mutations

You are too large for most types of armour.
You have claws for hands.
Your metabolism is lightning-fast.
You like to eat raw meat.
You heal very quickly.
You can eat rotten meat.
You are covered in fur (AC +1).
You have very tough skin (AC +2).


Message History

Unknown command.
You hit the ogre.
The ogre begins to bleed from its wounds!
The ogre is lightly wounded.
The ogre closely misses you. The orc hits you with an orcish dagger.
Unknown command.
You barely miss the ogre.
The ogre is lightly wounded.
The orc hits you with an orcish morningstar!
* * * LOW HITPOINT WARNING * * *
The orc barely misses you.
Unknown command.
You hit the ogre.
The ogre is lightly wounded.
The ogre closely misses you. The orc barely misses you.
Unknown command.
You claw the ogre!
The ogre is almost dead.
The orc closely misses you. The ogre hits you with a giant club!
You die...

#...# .. #...#
...#####...#############
............)<....%.....#
............)...........#
.........................
...<....................
.........O).............
.........o@............
........o............
....................
..................
#...############ #.. .


You could see an ogre (bleeding) and 2 orcs.

Vanquished Creatures
  Eustachio (D:6)
  Menkaure (D:7)
  3 ogres
  A sky beast (D:5)
  2 centaurs
  A crimson imp (D:7)
  An iron imp (D:6)
  An orc wizard (D:8)
  2 scorpions
  A giant frog skeleton (D:7)
  4 hounds
  A water moccasin skeleton (D:6)
  A worker ant (D:7)
  An iguana (D:7)
  2 mummies
  3 adders
  2 green rats (D:6)
  A shadow imp (D:6)
  2 worms
  A giant gecko (D:5)
  An ooze (D:1)
  13 orcs
  9 bats
  2 giant cockroaches (D:2)
  4 gnoll skeletons (Ossuary)
  5 goblins
  A grey rat (D:6)
  4 hobgoblins
  2 giant newts
  A giant spore (D:6)
  A goblin skeleton (D:4)
  8 kobolds
  8 kobold skeletons (Ossuary)
  A kobold zombie (D:4)
  13 orc skeletons (Ossuary)
  2 quokkas
  7 rats
  2 ballistomycetes (D:6)
116 creatures vanquished.

Vanquished Creatures (others)
  2 orcs
  A kobold (D:4)
3 creatures vanquished.

Grand Total: 119 creatures vanquished

Notes
Turn   | Place    | Note
--------------------------------------------------------------
     0 | D:1      | 4tharraofdagon, the Troll Earth Elementalist, began the quest for the Orb.
     0 | D:1      | Reached XP level 1. HP: 16/16 MP: 3/3
     0 | D:1      | 4tharraofdagon: i really like tree
    70 | D:1      | Reached skill level 1 in Unarmed Combat
    71 | D:1      | hurdos: looks like KoCj is hard combo
   123 | D:2      | Reached XP level 2. HP: 21/24 MP: 3/3
   124 | D:2      | 4tharraofdagon: cj is always hard
   231 | D:3      | Reached skill level 1 in Fighting
   518 | D:4      | Found a sand-covered staircase.
   527 | Ossuary  | Entered an ossuary
   527 | Ossuary  | Noticed a guardian mummy
   527 | Ossuary  | Noticed a guardian mummy
   527 | Ossuary  | Noticed a guardian mummy
   550 | Ossuary  | Reached XP level 3. HP: 11/31 MP: 4/4
   776 | Ossuary  | Noticed a guardian mummy
   924 | D:4      | Reached XP level 4. HP: 25/39 MP: 0/5
   988 | D:4      | Noticed a centaur
   999 | D:4      | Killed a centaur
   999 | D:4      | Reached skill level 3 in Unarmed Combat
   999 | D:4      | Reached XP level 5. HP: 33/46 MP: 5/5
  1072 | D:4      | hurdos: Why troll? It has nasty apt, I do not understand
  1096 | D:4      | 4tharraofdagon: -1 earth
  1109 | D:4      | 4tharraofdagon: thats good
  1207 | D:5      | Entered Level 5 of the Dungeon
  1295 | D:5      | hurdos: +1 or +2 is good but not -1 :)
  1321 | D:5      | Noticed a sky beast
  1340 | D:5      | Killed a sky beast
  1340 | D:5      | Reached skill level 4 in Unarmed Combat
  1340 | D:5      | Reached XP level 6. HP: 18/54 MP: 7/7
  1430 | D:6      | Learned a level 2 spell: Stoneskin
  1437 | D:6      | Learned a level 5 spell: Lee's Rapid Deconstruction
  1439 | D:6      | Found an ancient bone altar of Kikubaaqudgha.
  1473 | D:6      | hurdos: anyway Spc is -5 that is very bad
  1516 | D:6      | Noticed Eustachio
  1663 | D:6      | Killed Eustachio
  1694 | D:6      | Found a shattered altar of Ashenzari.
  1731 | D:7      | Noticed Menkaure
  1749 | D:7      | Reached skill level 5 in Unarmed Combat
  1749 | D:7      | Reached XP level 7. HP: 22/62 MP: 8/8
  1753 | D:7      | HP: 3/62 [ogre/giant club (31)]
  1775 | D:7      | Killed Menkaure
  1817 | D:6      | Found Bagaot's Distillery.
  1819 | D:6      | Bought a potion of speed for 66 gold pieces
  1819 | D:6      | Bought a potion of degeneration for 24 gold pieces
  1819 | D:6      | Bought a potion of heal wounds for 36 gold pieces
  1819 | D:6      | Bought a potion of heal wounds for 36 gold pieces
  1849 | D:6      | Found a staircase to the Ecumenical Temple.
  1860 | Temple   | Entered the Ecumenical Temple
  1914 | Temple   | hurdos: nice layout of temole
  1941 | Temple   | hurdos: *temple
  1957 | Temple   | 4tharraofdagon: no mak
  1962 | Temple   | hurdos: but Vehu
  1962 | Temple   | Became a worshipper of Vehumet
  1991 | D:6      | 4tharraofdagon: yea
  2094 | D:6      | Reached skill level 6 in Unarmed Combat
  2271 | D:7      | Found a burning altar of Makhleb.
  2285 | D:7      | Reached XP level 8. HP: 56/71 MP: 7/9
  2288 | D:7      | hurdos: here is Mak :)
  2386 | D:8      | Slain by an ogre

Action                   |  1- 3 |  4- 6 |  7- 9 || total
-------------------------+-------+-------+-------++-------
Melee: Unarmed           |   127 |   173 |   101 ||   401
Throw: Large rock        |     7 |       |     1 ||     8
       Stone             |     2 |       |       ||     2
 Cast: Sandblast         |     9 |       |       ||     9
       Stoneskin         |       |       |     3 ||     3
  Use: Potion            |       |       |     6 ||     6
 Stab: Sleeping          |       |       |     1 ||     1
